 Dungeon Crawl Stone Soup version 0.30-a0-715-gdb4ae3ece1 (webtiles) character file.

Game seed: 17828369040253585924

331 ryw the Trooper (level 6, -1/97 HPs)
             Began as an Ogre Gladiator on Jan 25, 2023.
             Was an Initiate of Hepliaklqana.
             Succumbed to a water moccasin's poison
             ... on level 5 of the Dungeon.
             The game lasted 00:07:14 (3801 turns).

ryw the Trooper (Ogre Gladiator)                    Turns: 3801, Time: 00:07:15

Health: -1/97      AC:  4    Str: 21    XL:     6   Next: 51%
Magic:  6/6        EV: 10    Int:  9    God:    Hepliaklqana [......]
Gold:   258        SH:  0    Dex: 10    Spells: 5/5 levels left

rFire   . . .      SeeInvis .    a - +0 flail
rCold   + . .      Faith    .    (no shield)
rNeg    . . .      Spirit   .    b - +0 robe
rPois   .          Reflect  .    c - +1 hat
rElec   .          Harm     .    (no cloak)
rCorr   +          Rampage  .    (gloves unavailable)
Will    .....                    (boots unavailable) Stlth
                                 h - amulet of the acrobat
HPRegen 0.36/turn                f - ring of resist corrosion
MPRegen 0.10/turn                q - ring of protection from cold

@: berserking (expiring), lethally poisoned (-1 -> -7), very quick
A: large, unfitting armour, tough skin 1
a: Renounce Religion


You were on level 5 of the Dungeon.
You worshipped Hepliaklqana.
Hepliaklqana was noncommittal.
You visited 2 branches of the dungeon, and saw 6 of its levels.

You collected 313 gold pieces.
You spent 55 gold pieces at shops.

Inventory:

Hand Weapons
 a - a +0 flail (weapon)
Missiles
 d - 5 throwing nets
 e - a large rock
 r - a javelin (quivered)
Armour
 b - a +0 robe (worn)
 c - a +1 hat (worn)
Jewellery
 f - a ring of resist corrosion (left hand)
 h - an amulet of the acrobat (around neck)
 j - an amulet of guardian spirit
 q - a ring of protection from cold (right hand)
 u - an amulet of faith
Wands
 i - a wand of flame (9)
Potions
 k - a potion of might
 l - a potion of magic
 m - a potion of flight
 n - a potion of haste
 p - a potion of lignification {unknown}
 s - a potion of ambrosia {unknown}


   Skills:
 + Level 4.9 Fighting
 + Level 4.0 Maces & Flails
 + Level 3.6 Throwing
 + Level 3.9 Dodging


You had 5 spell levels left.
You didn't know any spells.
Your spell library contained the following spells:

 Spells                   Type           Power      Damage    Failure   Level
 Blink                    Tloc           0%         N/A       52%         2
 Lesser Beckoning         Tloc           0%         N/A       52%         2
 Momentum Strike          Conj/Tloc      0%         3d8       52%         2


Dungeon Overview and Level Annotations

Branches:
Dungeon (5/15)             Temple (1/1) D:4

Altars:
Cheibriados
Dithmenos
Elyvilon
Fedhas
Gozag
Hepliaklqana
Kikubaaqudgha
Makhleb
Nemelex Xobeh
Okawaru
Qazlal
Sif Muna
Trog
Uskayaw
Vehumet
Wu Jian
Yredelemnul
Zin

Shops:
D:1 *

Annotations:
D:5 Eustachio


Innate Abilities, Weirdness & Mutations

You are too large for most types of armour.
You have tough skin. (AC +1)


Message History

You feel very sick. The water moccasin barely misses you.
You closely miss the water moccasin.
You feel very sick.
The water moccasin bites you but does no damage.
You miss the water moccasin.
You feel sick. The water moccasin closely misses you.
The water moccasin barely misses you.
You miss the water moccasin.
You feel sick. The water moccasin bites you.
* * * LOW HITPOINT WARNING * * *
You are more poisoned.
The water moccasin poisons you!
You sock the water moccasin!
The water moccasin is moderately wounded.
* * * LOW HITPOINT WARNING * * *
You feel very sick. The water moccasin bites you.
* * * LOW HITPOINT WARNING * * *
You bludgeon the water moccasin!!
The water moccasin is almost dead.
* * * LOW HITPOINT WARNING * * *
You feel very sick. The water moccasin barely misses you.
You barely miss the water moccasin.
The water moccasin is almost dead.
* * * LOW HITPOINT WARNING * * *
You feel very sick. The water moccasin closely misses you.
You closely miss the water moccasin.
The water moccasin is almost dead.
* * * LOW HITPOINT WARNING * * *
You feel sick. The water moccasin closely misses you.
You miss the water moccasin.
The water moccasin is almost dead.
* * * LOW HITPOINT WARNING * * *
You feel sick. The water moccasin bites you.
* * * LOW HITPOINT WARNING * * *
You are too berserk!
You completely miss the water moccasin.
The water moccasin is almost dead.
You die...

#.### #.. ..... #..
...#.##.# .......#
#######
(##.....#########.....#
.r(.....##....S@.....##
#.....##.#####.#####
#(....#..# #.#
.....#....## ##.#
.........######..#
##[..............#
#...h..##..#....#
.............._..#
...............)##


You could see a water moccasin.

Vanquished Creatures
  A scorpion (D:4)
  A howler monkey (D:5)
  A jelly (D:5)
  A hound (D:4)
  An iguana (D:5)
  Robin (D:1)
  6 adders
  An ufetubus (D:5)
  A worm (D:4)
  2 dart slugs (D:4)
  3 orcs
  2 endoplasms
  4 giant cockroaches
  13 goblins
  8 hobgoblins
  3 jackals (D:3)
  5 quokkas
  5 ball pythons
  2 bats (D:1)
  A frilled lizard (D:1)
  5 kobolds
  7 rats
74 creatures vanquished.

Notes
Turn   | Place    | Note
-------+----------+-------------------------------------------
     0 | D:1      | ryw the Ogre Gladiator began the quest for the Orb.
     0 | D:1      | Reached XP level 1. HP: 22/22 MP: 1/1
   186 | D:1      | Reached XP level 2. HP: 25/31 MP: 2/2
   218 | D:1      | Found Wodghuph's General Store.
   240 | D:1      | Bought a potion of heal wounds for 55 gold pieces
   585 | D:2      | Reached XP level 3. HP: 25/32 MP: 3/3
   708 | D:2      | Noticed Robin
   776 | D:2      | Found a snail-covered altar of Cheibriados.
   930 | D:1      | Killed Robin
  1165 | D:2      | Reached XP level 4. HP: 43/45 MP: 4/4
  1902 | D:3      | Found a faded altar of an unknown god.
  2460 | D:4      | Found a staircase to the Ecumenical Temple.
  2466 | Temple   | Entered the Ecumenical Temple
  2651 | Temple   | Became a worshipper of Hepliaklqana the Forgotten
  2691 | D:4      | Reached XP level 5. HP: 33/54 MP: 5/5
  3638 | D:5      | Entered Level 5 of the Dungeon
  3638 | D:5      | Noticed Eustachio
  3638 | D:5      | Noticed a water moccasin
  3656 | D:4      | Reached XP level 6. HP: 59/63 MP: 6/6
  3731 | D:5      | Found a burning altar of Makhleb.
  3800 | D:5      | HP: 1/97 [water moccasin (6)]
  3801 | D:5      | Succumbed to a water moccasin's poison

Illustrated notes

Levels and vault maps discovered:
D:1:      minmay_arrival_doors, layout_rooms, serial_shops, shop
D:2:      layout_loops_ring, basic_altar, kennysheep_generic_room_14, uniq_robin
D:3:      layout_rooms, nicolae_ecumenical_lake_church, columned_hall_lemuel
D:4:      layout_loops_ring, minmay_temple_entry_purple_smoke,
          nicolae_ossuary_entry_false_entrances
D:5:      layout_rooms, bloody_makhleb, uniq_ijyb, uniq_eustachio
Temple:   bh_familiar_temple

Skill      XL: |  1  2  3  4  5  6 |
---------------+-------------------+-----
Fighting       | 3 4 |  4.9
Maces & Flails | 3 4 |  4.0
Dodging        | 3 |  3.9
Throwing       | 3 |  3.6

Action                     |  1- 3 |  4- 6 || total
---------------------------+-------+-------++-------
  Melee: Flail             |    92 |   152 ||   244
         Punch             |       |     1 ||     1
  Throw: Javelin           |       |    10 ||    10
    Use: Scroll            |     4 |     7 ||    11
         Potion            |       |     2 ||     2
   Stab: Sleeping          |       |     1 ||     1
 Armour: Robe              |    26 |    37 ||    63
  Dodge: Dodged            |    78 |   121 ||   199

Table legend: (Time is in decaauts)
 A = Elapsed time spent in this place.
 B = Non-inter-level travel time spent in this place.
 C = Inter-level travel time spent in this place.
 D = Time resting spent in this place.
 E = Time spent auto-exploring this place.
 F = Levels seen in this place.
 G = Mean time per level.
                   A        B        C        D        E       F      G
               +--------+--------+--------+--------+--------+-----+--------+
         Total |   3863 |   3742 |    121 |    977 |   2029 |   6 |  643.8 |
       Dungeon |   3646 |   3555 |     91 |    977 |   1861 |   5 |  729.2 |
        Temple |    216 |    186 |     30 |      0 |    168 |   1 |  216.0 |
               +--------+--------+--------+--------+--------+-----+--------+

Top non-repeatable levels by time:
     D:4: 1159 daAuts
     D:2: 812 daAuts
     D:3: 771 daAuts
     D:1: 759 daAuts
  Temple: 216 daAuts
     D:5: 143 daAuts
